Description

vers 3:10 vous avez 4 ravageurs.

VOD

https://youtu.be/FANARH7FXEs

Replay - ZvT P fast 4 ravageur 3 10 proxy hatch

Build Order

Get SALT Encoding   

  12  0:00  Drone  and one drone go at the proxy
  13  0:08  Drone  
  14  0:39  Extractor  
  14  0:40  Hatchery  (proxy)
  12  0:55  Spawning Pool  
  11  0:59  Drone  
  12  1:05  Drone x2  
  14  1:20  Extractor  
  14  1:21  Drone  
  14  1:42  Roach Warren  
  13  1:48  Overlord  you can create 2 cocons of glings vs terran
  13  2:21  Roach x3  (proxy)
  19  2:32  Roach  (proxy)
  21  2:42  Ravager x3  (proxy)
  24  2:52  Ravager  (proxy)
Spawning Tool Build Advisor. Get it on Overwolf

Go to:

Details

  • Created by: defer
  • Published on: Aug 13, 2017
  • Modified on: Aug 13, 2017
  • Patch: 3.8.0
Show
View Real Time Build Order
Export as new Build Order

Comments (0)

There are no comments. Be the first!

Create an account to comment!